 Seeded DCSS version 0.31-a0-542-gdc2a67831c (webtiles) character file.

Game seed: 3462948736809364276 (custom seed)

1925 bmack86 the Cleaver (level 8, -4/96 HPs)
             Began as a Minotaur Fighter on Aug 14, 2023.
             Slain by a sky beast (6 damage)
             ... on level 6 of the Dungeon.
             The game lasted 00:10:48 (5308 turns).

bmack86 the Cleaver (Minotaur Fighter)              Turns: 5308, Time: 00:10:48

Health: -4/96      AC: 24    Str: 22    XL:     8   Next: 96%
Magic:  7/7        EV:  2    Int:  5    God:
Gold:   203        SH:  5    Dex: 11    Spells: 7/7 levels left

rFire   . . .        a - +1 war axe
rCold   . . .        c - +0 buckler
rNeg    . . .        f - melded +0 plate armour
rPois   +            (helmet currently unavailable)
rElec   .            (cloak currently unavailable)
rCorr   .            (gloves currently unavailable)
SInv    .            m - melded +0 pair of boots
Will    .....        (no amulet)
Stlth   +            (no ring)
HPRegen 0.36/turn    (no ring)
MPRegen 0.10/turn

%: no passive effects
@: tree-form, hasted, very quick
A: stationary, stasis, torment immunity, boosted hp, (horns 2), (retaliatory
headbutt)
a: no special abilities


You were on level 6 of the Dungeon.
You were a tree.
You visited 1 branch of the dungeon, and saw 6 of its levels.

You collected 203 gold pieces.

Inventory:

Hand Weapons
 a - a +1 war axe (weapon)
Armour
 b - a +0 scale mail
 c - a +0 buckler (worn)
 f - a +0 plate armour (melded)
 m - a +0 pair of boots (melded)
 n - a +0 kite shield
Jewellery
 l - a ring of fire
Wands
 d - a wand of quicksilver (12)
Scrolls
 e - 2 scrolls of immolation
 h - a scroll of blinking {unknown}
 i - a scroll of vulnerability {unknown}
 s - a scroll of poison
 t - 3 scrolls of acquirement {unknown}
Potions
 g - a potion of attraction {unknown}
 j - 2 potions of curing
 o - 2 potions of cancellation


   Skills:
 - Level 3.6 Fighting
 + Level 13.5 Axes
 - Level 3.6 Armour
 - Level 5.0 Shields


You had 7 spell levels left.
You didn't know any spells.
Your spell library contained the following spells:

 Spells                   Type           Power      Damage    Failure   Level
 Sublimation of Blood     Necr           0%         N/A       67%         2
 Hailstorm                Conj/Ice       0%         3d3       88%         3
 Petrify                  Tmut/Erth      0%         N/A       99%         4
 Summon Ice Beast         Ice/Summ       0%         N/A       99%         4
 Irradiate                Conj/Tmut      0%         3d11      100%        5
 Simulacrum               Ice/Necr       0%         N/A       100%        6


Dungeon Overview and Level Annotations

Branches:
Dungeon (6/15)
 Temple: D:4-7

Altars:
Hepliaklqana
Makhleb
Ru
Sif Muna
Trog
Vehumet
The Shining One


Innate Abilities, Weirdness & Mutations

You are a tree.
Your roots penetrate the ground, keeping you stationary.
You cannot be teleported.
You are immune to unholy pain and torment.
Your maximum health is greatly increased.
Your equipment is partially melded.
((You have a pair of horns on your head.))
((You reflexively headbutt those who attack you in melee.))


Message History

The sky beast closely misses you.
You closely miss the sky beast.
The sky beast is severely wounded.
The sky beast hits you but does no damage.
You miss the sky beast.
The sky beast is severely wounded.
The sky beast hits you but does no damage.
You barely miss the sky beast. Your headbutt misses the sky beast.
The sky beast is severely wounded.
The sky beast flickers out of sight!
Deactivating autopickup; reactivate with Ctrl-A.
Something hits you.
* * * LOW HITPOINT WARNING * * *
Something shocks you.
* * * LOW HITPOINT WARNING * * *
It was a potion of haste.
You feel yourself speed up. Something hits you but does no damage.
It was a potion of lignification.
You turn into a tree.
Your +0 pair of boots melds into your body.
Your +0 plate armour melds into your body.
Your roots penetrate the ground.
You cannot move.
You cannot move.
You cannot move.
You cannot move.
You cannot move.
You cannot move.
You cannot move.
You cannot move.
You cannot move.
You cannot move.
You cannot move.
Something hits you but does no damage.
You cannot move.
You cannot move.
You cannot move.
Something hits you.
* * * LOW HITPOINT WARNING * * *
Something shocks you.
You die...

.#. .#. ... ... #.#
#. ..... #.#. ...
##.###.#######
#########
........{♣...#
#.......#
######.#####.#
#.......#
#§#####.####.....%.#
...................#
##.#########........#
#. #........# #D
#........# #.
#.######.# #.#


There were no monsters in sight!

Vanquished Creatures
  Prince Ribbit (D:5)
  Sigmund (D:3)
  A steam dragon (D:6)
  A water moccasin (D:5)
  An ice beast (D:6)
  A centaur (D:6)
  A bullfrog (D:6)
  A gnoll sergeant (D:6)
  7 scorpions (D:5)
  3 orc priests
  2 hounds (D:5)
  2 jellies
  Terence (D:3)
  2 iguanas
  3 orc wizards
  8 gnolls
  6 adders
  An ufetubus (D:5)
  2 worms
  2 dart slugs
  29 orcs
  10 ball pythons
  7 endoplasms
  5 giant cockroaches
  5 goblins
  3 hobgoblins
  3 jackals (D:1)
  3 quokkas
  15 bats
  2 frilled lizards (D:1)
  8 kobolds
  8 rats
145 creatures vanquished.

Notes
Turn   | Place    | Note
-------+----------+-------------------------------------------
     0 | D:1      | bmack86 the Minotaur Fighter began the quest for the Orb.
     0 | D:1      | Reached XP level 1. HP: 19/19 MP: 0/0
   127 | D:1      | Reached XP level 2. HP: 18/26 MP: 1/1
   236 | D:1      | Reached skill level 3 in Axes
   348 | D:1      | Reached XP level 3. HP: 31/31 MP: 2/2
   659 | D:2      | Found a burning altar of Makhleb.
   706 | D:2      | Reached skill level 5 in Shields
   830 | D:2      | Found a faded altar of an unknown god.
  1378 | D:3      | Noticed Terence
  1387 | D:3      | Killed Terence
  1388 | D:3      | Reached skill level 4 in Axes
  1388 | D:3      | Reached XP level 4. HP: 23/39 MP: 3/3
  1524 | D:3      | Noticed Sigmund
  1539 | D:3      | Killed Sigmund
  1540 | D:3      | Reached skill level 6 in Axes
  1540 | D:3      | Reached XP level 5. HP: 32/45 MP: 4/4
  1626 | D:3      | Found a shimmering blue altar of Sif Muna.
  1801 | D:3      | Reached skill level 7 in Axes
  1801 | D:3      | Reached XP level 6. HP: 47/51 MP: 5/5
  1929 | D:3      | Found a hazy altar of Hepliaklqana.
  2173 | D:4      | Found a bloodstained altar of Trog.
  2177 | D:4      | Found a glowing golden altar of the Shining One.
  2850 | D:4      | Reached skill level 8 in Axes
  3100 | D:5      | Entered Level 5 of the Dungeon
  3378 | D:5      | Reached XP level 7. HP: 57/57 MP: 6/6
  3413 | D:5      | Found a sacrificial altar of Ru.
  3422 | D:5      | Reached skill level 9 in Axes
  3701 | D:5      | Reached skill level 10 in Axes
  3844 | D:5      | Found a radiant altar of Vehumet.
  3894 | D:5      | Noticed Prince Ribbit
  3937 | D:5      | Killed Prince Ribbit
  3938 | D:5      | Reached XP level 8. HP: 34/64 MP: 7/7
  3961 | D:5      | Reached skill level 11 in Axes
  4441 | D:5      | Reached skill level 12 in Axes
  5152 | D:6      | Reached skill level 13 in Axes
  5304 | D:6      | HP: 1/64 [something (6)]
  5308 | D:6      | Slain by a sky beast

Illustrated notes

Levels and vault maps discovered:
D:1:      mushboom_english_gardens, layout_rooms, minmay_tromino_v4_b
D:2:      layout_loops_corners, basic_altar, ebering_ecumenical_altar_mist
D:3:      layout_basic, lemuel_blue_sif_altar, nicolae_hepliaklqana_hippocampus,
          uniq_terence, uniq_sigmund
D:4:      layout_gridville, trog_book, nicolae_overflow_hidden_temple
D:5:      old_forge, layout_layer_cave, mainiacjoe_overflow_tiny_flanked,
          nicolae_ru_awakened_eye, uniq_prince_ribbit1
D:6:      layout_loops_ring, minmay_temple_entry_stoned_glass, serial_glass,
          glass_columns_b, glass_columns_c

Skill      XL: |  1  2  3  4  5  6  7  8 |
---------------+-------------------------+-----
Shields        | 4 5 |  5.0
Axes           | 3 4 6 7 8 10 13 | 13.5
Fighting       | |  3.6
Armour         | |  3.6

Action                     |  1- 3 |  4- 6 |  7- 9 || total
---------------------------+-------+-------+-------++-------
  Melee: War axe           |   105 |   107 |   162 ||   374
         Headbutt          |     7 |    14 |    21 ||    42
  Throw: Boomerang         |       |     1 |    15 ||    16
    Use: Scroll            |       |     7 |     1 ||     8
         Potion            |       |     1 |     3 ||     4
 Armour: Plate armour      |   115 |    63 |   104 ||   282
         Skin              |       |       |     1 ||     1
  Dodge: Dodged            |    46 |    22 |    42 ||   110
  Block: Buckler           |    37 |    17 |    37 ||    91

Table legend: (Time is in decaauts)
 A = Elapsed time spent in this place.
 B = Non-inter-level travel time spent in this place.
 C = Inter-level travel time spent in this place.
 D = Time resting spent in this place.
 E = Time spent auto-exploring this place.
 F = Levels seen in this place.
 G = Mean time per level.
                   A        B        C        D        E       F      G
               +--------+--------+--------+--------+--------+-----+--------+
         Total |   5366 |   5175 |    191 |    142 |   3808 |   6 |  894.3 |
       Dungeon |   5366 |   5175 |    191 |    142 |   3808 |   6 |  894.3 |
               +--------+--------+--------+--------+--------+-----+--------+

Top non-repeatable levels by time:
     D:5: 1613 daAuts
     D:4: 938 daAuts
     D:2: 852 daAuts
     D:3: 835 daAuts
     D:6: 596 daAuts
     D:1: 529 daAuts
